Cogmind - Beta 11.1 @@@ ROGUE MODE // 2022.06.08 @ 02:15:57 Player: Ruxi Result: Self-destructed Performance ------------- Evolutions (2) 1000 Regions Visited (4) 800 Robots Destroyed (126) 630 Value Destroyed (2932) 2932 Prototype IDs (8) 160 Alien Tech Used (0) 0 Bonus (435) 435 TOTAL SCORE: 5957 Bonus ------- High Alert Combat Kills 377 Follower Combat Kills 58 Cogmind --------- Core Integrity 470/550 Matter 173/300 Energy 265/265 System Corruption 1% Temperature Cool (0) Movement Treading (246) Ox1 Location -8/Materials Parts ------- > --- POWER (1) -------- Improved Ion Engine > --- PROPULSION (3) --- Improved Treads Armored Treads Armored Treads > --- UTILITY (5) ------ High-capacity Storage Unit Machine Analyzer Reactive Plating Insulated Plating Hacking Suite > --- WEAPON (2) ------- Advanced Assault Cannon Advanced Assault Cannon > --- INVENTORY (20) --- Light Deuterium Engine Light Nuclear Core Armored Treads Advanced Treads Disposable Heat Sink Improved Sensor Array Particle Charger Light Armor Plating Tractor Beam Trap Extractor (4/4 Proton Bomb) Splice Drone Bay (6/6) Minigun Minigun Minigun Minigun Proton Missile Launcher Proton Missile Launcher Plasma Cutter Heavy Flail Katana Peak State ------------ > --- POWER ------------ Light Deuterium Engine > --- PROPULSION ------- Advanced Treads Advanced Treads Advanced Treads > --- UTILITY ---------- High-capacity Storage Unit Machine Analyzer Medium Armor Plating Reactive Plating Hacking Suite > --- WEAPON ----------- Advanced Assault Cannon Advanced Assault Cannon > --- INVENTORY -------- Improved Ion Engine Light Deuterium Engine Improved Treads Improved Flight Unit Disposable Heat Sink Improved Sensor Array Particle Charger Insulated Plating Tractor Beam Trap Extractor Splice Drone Bay Heavy Assault Rifle Heavy Assault Rifle Improved Assault Rifle Proton Missile Launcher Proton Missile Launcher Plasma Cutter Maul [Rating: 37] Favorites ----------- Power Improved Ion Engine Engine Improved Ion Engine Power Core Light Nuclear Core Propulsion Advanced Treads Treads Advanced Treads Leg Aluminum Leg Wheel Armored Wheel Flight Unit Improved Flight Unit Utility Reactive Plating Device Disposable Heat Sink Storage High-capacity Storage Unit Processor Machine Analyzer Hackware Hacking Suite Protection Reactive Plating Weapon EM Pulse Cannon Energy Gun EM Pulse Gun Energy Cannon EM Pulse Cannon Ballistic Gun Heavy Assault Rifle Ballistic Cannon Advanced Assault Cannon Launcher Rocket Launcher Special Weapon Mining Laser Impact Weapon Heavy Flail Build | -11 -10 -9 -9 -8 ------- Run | Scr Mat Mat Min Mat Slots Evolved 4 | . . 2 . 2 Power . | . . . . . Propulsion 1 | . . . . 1 Utility 3 | . . 2 . 1 Weapon . | . . . . . Parts Attached 167 | . 22 69 40 36 Power 10 | . 1 5 . 4 Engine 9 | . 1 4 . 4 Core 1 | . . 1 . . Reactor . | . . . . . Propulsion 22 | . 2 7 6 7 Treads 17 | . 2 5 4 6 Leg . | . . . . . Wheel 4 | . . 2 2 . Hover . | . . . . . Flight 1 | . . . . 1 Utility 49 | . 3 17 17 12 Device 22 | . . 6 13 3 Storage 2 | . 1 1 . . Processor 2 | . . 1 . 1 Hackware 1 | . . . . 1 Protection 22 | . 2 9 4 7 Artifact . | . . . . . Weapon 86 | . 16 40 17 13 Energy Gun 16 | . 12 4 . . Energy Cannon 17 | . . 13 4 . Ballistic Gun 26 | . 1 15 8 2 Ballistic Cannon 5 | . . . . 5 Launcher 7 | . . . 5 2 Special Weapon 12 | . 3 8 . 1 Impact Weapon 3 | . . . . 3 Slashing Weapon . | . . . . . Piercing Weapon . | . . . . . Special Melee Weapon . | . . . . . Unidentified Prototypes 8 | . . 4 2 2 Parts Lost 7 | . . 2 2 3 Power 1 | . . . . 1 Propulsion 1 | . . . . 1 Utility 2 | . . . 1 1 Weapon 3 | . . 2 1 . Highest Loss Streak 1 | . . 1 1 1 To Critical Strikes . | . . . . . Average Slot Usage (%) 99 | . 99 99 99 100 Engine 9 | . 14 6 11 9 Core 1 | . . 4 . . Treads 20 | . 27 18 13 26 Wheel 3 | . . 3 8 . Device 8 | . . 11 13 2 Storage 11 | . 15 11 11 9 Processor 2 | . . 1 . 7 Hackware 1 | . . . . 8 Protection 18 | . 12 20 19 18 Energy Gun 4 | . 22 2 . . Energy Cannon 4 | . . 7 6 . Ballistic Gun 8 | . 2 7 12 8 Ballistic Cannon 1 | . . . . 7 Launcher 1 | . . . 3 . Special Weapon 1 | . 2 4 . . Naked Turns . | . . . . . Heaviest Build 81 | 12 36 72 81 78 Greatest Support 66 | 20 40 45 44 66 Greatest Overweight (x) 4 | . . 4 3 1 Average Overweight (x) . | . . . 1 . Largest Inventory Capacity 20 | . 15 20 20 20 Average Capacity 17 | . 14 15 20 20 Most Carried 20 | . 15 20 20 20 Average Carried 15 | . 10 14 18 17 Final Capacity 20 | 8 15 20 20 20 Final Carried 20 | 6 15 20 17 20 Class Distribution -------------------- 89% | Mutant 7% | Scavenger-Mutant 3% | Commander-Mutant Dominant Class ---------------- Mutant | -10/Materials Mutant | -9/Materials Mutant | -9/Mines Mutant | -8/Materials Resources | -11 -10 -9 -9 -8 ----------- Run | Scr Mat Mat Min Mat Matter Collected 2974 | 200 220 917 840 797 Remotely 1180 | . . 189 693 298 Salvage Created 4315 | . 478 1322 1300 1215 Parts 291 | . 24 96 94 77 Haulers Intercepted 10 | . 2 4 . 4 Recyclers Shooed 5 | . 1 1 . 3 Parts Field Recycled . | . . . . . Retrieved Matter . | . . . . . Parts Self-Destructed . | . . . . . Prevented . | . . . . . Kills | -11 -10 -9 -9 -8 ------- Run | Scr Mat Mat Min Mat Combat Hostiles Destroyed 94 | . 9 28 38 19 Guns 32 | . 3 12 10 7 Cannons 33 | . . 16 9 8 AOE 28 | . 6 . 18 4 Classes Destroyed 11 | . 5 3 1 2 Worker 4 | . . 2 1 1 Builder 2 | . . . . 2 Tunneler 11 | . . . 11 . Hauler 10 | . 2 4 . 4 Recycler 3 | . . . . 3 Mechanic 2 | . 1 . . 1 Operator 1 | . . 1 . . Watcher 11 | . 3 5 . 3 Swarmer 27 | . 3 14 4 6 Grunt 55 | . 6 8 34 7 Sentry 12 | . . 6 . 6 Best Kill Streak 9 | . 3 6 9 4 Combat Bots Only 7 | . 3 6 7 3 Max Kills in Single Turn 4 | . 3 2 4 2 Gunslinging . | . . . . . Exploded 3 | . 2 . 3 1 Melee . | . . . . . Uniques/NPCs Destroyed . | . . . . . Combat | -11 -10 -9 -9 -8 -------- Run | Scr Mat Mat Min Mat Damage Taken 3073 | . 199 941 996 937 Core 316 | . 23 92 121 80 Absorbed by Shields . | . . . . . Regen/Repaired (Parts) 87 | . . 87 . . Core Remaining (%) 78 | 100 90 . 46 . Volleys Fired 341 | . 40 128 99 74 Largest 2 | . 2 2 2 2 Hottest 163 | . 100 163 96 96 Shots Fired 543 | . 72 196 148 127 Gun 324 | . 64 100 86 74 Cannon 153 | . . 72 40 41 Launcher 30 | . . . 22 8 Special 36 | . 8 24 . 4 Kinetic 279 | . . 78 86 115 Thermal 58 | . 30 24 . 4 Explosive 22 | . . . 22 . Electromagnetic 184 | . 42 94 40 8 Robot Hit Streak 14 | . 6 14 9 13 Robot Miss Streak 6 | . 3 6 5 4 Penetration Max . | . . . . . Secondary Targets 4 | . . 3 . 1 Max Gunslinging Chain 1 | . . 1 . 1 Shots Hit Robots 316 | . 38 111 89 78 Core Hits 178 | . 19 48 62 49 Critical Kills 1 | . . 1 . . Critical Parts Destroyed . | . . . . . Critical Strikes 3 | . . 2 . 1 Destroy 1 | . . 1 . . Blast 1 | . . . . 1 Corrupt 1 | . . 1 . . Melee Attacks 12 | . . . . 12 Impact 12 | . . . . 12 Slashing . | . . . . . Piercing . | . . . . . Sneak Attacks . | . . . . . Combat Hostiles . | . . . . . Follow-up Attacks . | . . . . . Damage Inflicted 8926 | . 1026 2365 3479 2056 Guns 2962 | . 503 860 776 823 Cannons 2921 | . . 1388 819 714 Explosions 3022 | . 523 106 1884 509 Melee . | . . . . . Ramming . | . . . . . Kinetic 2931 | . . 618 776 1537 Thermal 1313 | . 709 117 262 225 Explosive 1671 | . . . 1622 49 Electromagnetic 3011 | . 317 1630 819 245 Impact . | . . . . . Slashing . | . . . . . Piercing . | . . . . . Highest Corruption 1 | . . . . 1 Average Corruption 1 | . . . . 1 Corruption Purged . | . . . . . Corruption Blocked . | . . . . . Effects 3 | . . . . 3 Message Errors 1 | . . . . 1 Matter Fused 1 | . . . . 1 Energy Discharges 1 | . . . . 1 Overload Shots . | . . . . . Overflow Damage 295 | . 46 78 121 50 Projectiles 139 | . . 78 58 3 Explosions 156 | . 46 . 63 47 Melee . | . . . . . Knockbacks 6 | . . . . 6 Impact . | . . . . . Kinetic 6 | . . . . 6 Secondary . | . . . . . Self-Inflicted Damage 148 | . 42 29 . 77 Shots 5 | . 2 1 . 2 Rammed . | . . . . . Targets Rammed . | . . . . . Kicked . | . . . . . Crushed . | . . . . . Highest Temperature 292 | . 273 237 292 243 Average Temperature 71 | . 65 73 76 60 Received Heat Transfer 1143 | . 48 243 537 315 Siege Activations . | . . . . . Robots Corrupted 1 | . . . 1 . Combat Hostiles 1 | . . . 1 . Parts Fried 14 | . . 13 . 1 Impact Corruptions . | . . . . . Robots Melted . | . . . . . Combat Hostiles . | . . . . . Parts Melted 2 | . 2 . . . Heat Transferred 2029 | . 1105 187 500 237 Parts Sabotaged . | . . . . . Parts Stolen . | . . . . . Parts Stripped . | . . . . . Power Chain Reactions 12 | . 5 3 2 2 Missiles Intercepted . | . . . . . Alert | -11 -10 -9 -9 -8 ------- Run | Scr Mat Mat Min Mat Peak Influence 1003 | . 365 364 1003 735 Initial 380 | . . 89 123 380 Average 314 | . 166 200 395 477 Maximum Alert Level 3 | . 1 1 3 3 Low Security (%) 37 | . 56 41 48 . Level 1 35 | . 43 58 7 36 Level 2 15 | . . . 14 52 Level 3 11 | . . . 29 10 Level 4 . | . . . . . Level 5 . | . . . . . High Security . | . . . . . Max Security . | . . . . . Squads Dispatched 8 | . 1 4 . 3 Investigation 4 | . 1 2 . 1 Extermination . | . . . . . Reinforcement 3 | . . 2 . 1 Assault . | . . . . . Garrison 1 | . . . . 1 Intercept . | . . . . . Searches Triggered . | . . . . . Construction Impeded . | . . . . . Haulers Reinforced . | . . . . . Active Scanning Responses . | . . . . . Cargo Convoy Interrupts . | . . . . . Stealth | -11 -10 -9 -9 -8 --------- Run | Scr Mat Mat Min Mat Distress Signals 12 | . 3 4 2 3 Communications Jammed . | . . . . . Distress Signals . | . . . . . Times Spotted 129 | . 20 43 33 33 Peak Tracking Total 7 | . 3 7 6 5 Tactical Retreats 5 | . 1 2 . 2 Traps | -11 -10 -9 -9 -8 ------- Run | Scr Mat Mat Min Mat Traps Triggered 3 | . 1 1 . 1 Indirectly . | . . . . . Trap Hack Attempts . | . . . . . Triggered . | . . . . . Disarmed . | . . . . . Reprogrammed . | . . . . . Reused 1 | . . . 1 . Traps Extracted . | . . . . . Installed 1 | . . . 1 . Triggered 2 | . 1 . 1 . Most Traps Carried 4 | . . . 4 4 Machines | -11 -10 -9 -9 -8 ---------- Run | Scr Mat Mat Min Mat Machines Disabled 13 | . 3 1 4 5 Max in Single Turn 3 | . 2 1 2 3 Garrison Access 1 | . . . . 1 Machines Sabotaged . | . . . . . Garrisons Compromised . | . . . . . Overloaded Fab Kills . | . . . . . Hacking | -11 -10 -9 -9 -8 --------- Run | Scr Mat Mat Min Mat Machines Accessed 34 | . 9 13 1 11 Terminals 25 | . 8 9 . 8 Fabricators . | . . . . . Repair Stations 1 | . . 1 . . Recycling Units 3 | . 1 1 . 1 Scanalyzers 3 | . . 2 . 1 Garrison Access 1 | . . . . 1 Total Hacks 117 | . 31 52 1 33 Successful 68 | . 17 28 1 22 Failed 49 | . 14 24 . 11 Catastrophic 4 | . . 2 . 2 Database Lockouts . | . . . . . Manual 75 | . 28 33 . 14 Terminals 85 | . 30 33 . 22 Fabricators . | . . . . . Repair Stations 4 | . . 4 . . Recycling Units 5 | . 1 3 . 1 Scanalyzers 20 | . . 12 . 8 Garrison Access 2 | . . . . 2 Terminal Hacks 19 | . 8 7 1 3 Part Schematic 1 | . . . . 1 Robot Analysis 1 | . . . . 1 Open Door 1 | . . . 1 . Branch Access Points 2 | . . 1 . 1 Terminal Index 2 | . 1 1 . . Unreport Threat 3 | . 1 2 . . Locate Traps 6 | . 5 1 . . Zone Layout 3 | . 1 2 . . Fabricator Hacks . | . . . . . Repair Station Hacks 2 | . . 2 . . Scan Component 1 | . . 1 . . Repair 1 | . . 1 . . Recycling Unit Hacks . | . . . . . Scanalyzer 17 | . . 10 . 7 Insert Component 7 | . . 5 . 2 Analyze 10 | . . 5 . 5 Garrison Access Hacks 2 | . . . . 2 Unlock Access 1 | . . . . 1 Seal Access 1 | . . . . 1 Unauthorized Hacks 28 | . 9 9 . 10 Terminals 22 | . 8 6 . 8 Assimilate 6 | . 4 1 . 1 Botnet 12 | . 3 4 . 5 Operators 4 | . 1 1 . 2 Fabricators . | . . . . . Repair Stations . | . . . . . Recycling Units 3 | . 1 1 . 1 Recyclers 1 | . 1 . . . Mask 2 | . . 1 . 1 Scanalyzers 3 | . . 2 . 1 Extract 3 | . . 2 . 1 Garrison Access . | . . . . . Data Cores Recovered 1 | . . 1 . . Used . | . . . . . Hacking Detections 28 | . 9 11 . 8 Full Trace Events 1 | . . 1 . . Feedback Events . | . . . . . Feedback Blocked . | . . . . . Robot Schematics Acquired . | . . . . . Robots Built . | . . . . . Authchips . | . . . . . Time . | . . . . . Total Robot Build Rating . | . . . . . Part Schematics Acquired 17 | . . 9 . 8 Parts Built . | . . . . . Authchips . | . . . . . Time . | . . . . . Total Part Build Rating . | . . . . . Parts Repaired 1 | . . 1 . . Time 38 | . . 38 . . Parts Recycled . | . . . . . Recycled Matter . | . . . . . Retrieved Matter . | . . . . . Retrieved Components . | . . . . . Parts Scanalyzed 7 | . . 5 . 2 Part Schematics Acquired 6 | . . 4 . 2 Parts Damaged . | . . . . . Bothacking | -11 -10 -9 -9 -8 ------------ Run | Scr Mat Mat Min Mat Used RIF Installer . | . . . . . Robots Hacked . | . . . . . Non-combat . | . . . . . Combat . | . . . . . Robot Hacks Applied . | . . . . . Relay Couplers Released . | . . . . . Fabnet Peak Effective % . | . . . . . Robots Rewired . | . . . . . Allies Hacked . | . . . . . Hacks Repelled . | . . . . . Allies | -11 -10 -9 -9 -8 -------- Run | Scr Mat Mat Min Mat Total Allies 6 | . 2 . 3 1 Largest Group 5 | . 2 2 5 5 Highest-Rated Group 60 | . 20 20 60 60 Highest-Rated Ally 16 | . 10 10 16 16 Total Orders 16 | . . 6 8 2 STAY 9 | . . 3 5 1 FOLLOW 5 | . . 3 2 . GUARD 1 | . . . . 1 RETURN 1 | . . . 1 . Ally Attacks 28 | . . . . 28 Total Damage 317 | . . . . 317 Kills 6 | . . . . 6 Allies Corrupted . | . . . . . Allies Melted . | . . . . . Intel | -11 -10 -9 -9 -8 ------- Run | Scr Mat Mat Min Mat Robot Analysis Total 1 | . . . . 1 Derelict Logs Recovered 1 | . . . 1 . Drone Launches 1 | . . . 1 . Drone Recoveries 1 | . . . 1 . Exploration | -11 -10 -9 -9 -8 ------------- Run | Scr Mat Mat Min Mat Turns Passed 11078 | . 1597 3674 3458 2349 Spaces Moved 4557 | 1 858 1674 1187 837 Core . | . . . . . Treads 3716 | . 839 1271 769 837 Legs 20 | 1 19 . . . Wheels 821 | . . 403 418 . Hover . | . . . . . Flight . | . . . . . Fastest Speed 120 | 120 120 120 135 145 Average Speed 189 | 120 159 182 193 229 Slowest Speed 246 | 120 160 240 225 246 Overloaded Moves . | . . . . . Propulsion Burnouts . | . . . . . Robots Hopped . | . . . . . Cave-ins Triggered . | . . . . . Exploration Rate (%) 69 | 2 95 84 99 69 Regions Visited 4 Branch Regions 1 Pre-discovered Areas . | . . . . . Known Exits Taken 1 | . . 1 . . Unknown Exits Taken 3 | 1 1 . 1 . Scrap Searched 3 | . . . 3 . Spaces Dug 65 | . 8 21 24 12 Terrain Destroyed 353 | . 65 32 152 104 Melee 12 | . . . . 12 Projectile 35 | . 8 21 . 6 AOE 306 | . 57 11 152 86 Terrain Rammed . | . . . . . Walls Destroyed . | . . . . . Machines Disabled . | . . . . . Actions | -11 -10 -9 -9 -8 --------- Run | Scr Mat Mat Min Mat Total 6353 | . 998 2043 2190 1122 Wait 1106 | . 51 92 858 105 Move 4553 | . 857 1673 1186 837 Hop . | . . . . . Pick Up 87 | . 18 36 2 31 Fast Attach 6 | . 1 5 . . Attach 17 | . . 8 3 6 Detach 7 | . . 6 1 . Swap 145 | . 21 57 37 30 Drop 78 | . 10 38 3 27 Fire 341 | . 40 128 99 74 Melee 12 | . . . . 12 Ram . | . . . . . Kick . | . . . . . Crush . | . . . . . Escape Stasis . | . . . . . Rewire . | . . . . . Trap 1 | . . . 1 . Miscellaneous . | . . . . . Route ------- -11/Scrapyard -10/Materials (discovered 5 exits: *Mat x3 / [*Min x2]) -9/Materials (discovered 4 exits: *Mat x2 / *Min x2) -9/Mines (discovered 2 exits: *Mat x2) -8/Materials (discovered 1 exit: [*Fac]) History --------- Turn | Location | Event 1 | -11/Scrapyard | Discovered new exit (range 0) 1 | -11/Scrapyard | Entered Materials 290 | -10/Materials | Discovered new exit (range 14) 315 | -10/Materials | Build established: Mutant 529 | -10/Materials | Discovered new exit (range 10) 660 | -10/Materials | Discovered new exit (range 3) 727 | -10/Materials | Discovered new exit (range 12) 1043 | -10/Materials | Discovered new exit (range 12) 1598 | -10/Materials | Entered another Materials area 1598 | -9/Materials | Accompanied by 2 allies 1598 | -9/Materials | Evolved 2 slots: Utility x2 2272 | -9/Materials | Discovered new exit (range 13) 3366 | -9/Materials | Discovered new exit (range 10) 3438 | -9/Materials | Identified exit to Mines 4641 | -9/Materials | Discovered new exit (range 16) 4839 | -9/Materials | Repaired Adv. Treads 5272 | -9/Materials | Entered Mines 5272 | -9/Mines | Accompanied by 2 allies 5492 | -9/Mines | Found a hidden stash of uninstalled traps 5610 | -9/Mines | Found the Drone Emporium 5621 | -9/Mines | Found Prototype Device 5622 | -9/Mines | Identified Splice Drone Bay 5784 | -9/Mines | Found a damaged Exp. Sensor Array with a note attached 5787 | -9/Mines | Found Prototype Device 5788 | -9/Mines | Identified Exp. Sensor Array 5912 | -9/Mines | Excavation squad dispatched 5912 | -9/Mines | A large section of the Mines collapsed 6162 | -9/Mines | Excavation squad dispatched 6412 | -9/Mines | Excavation squad dispatched 6662 | -9/Mines | Excavation squad dispatched 6912 | -9/Mines | Excavation squad dispatched 7162 | -9/Mines | Excavation squad dispatched 7221 | -9/Mines | Destroyed 7 combat bots 7412 | -9/Mines | Excavation squad dispatched 7662 | -9/Mines | Excavation squad dispatched 7709 | -9/Mines | Discovered new exit (range 10) 7896 | -9/Mines | Discovered new exit (range 13) 7919 | -9/Mines | Learned location of 1 exit from Lower Caves 8012 | -9/Mines | Core integrity fell below 50% 8710 | -9/Mines | Assisted by bots powering up and referring to "LRC-V3" 8730 | -9/Mines | Entered Materials 8730 | -8/Materials | Accompanied by 5 allies 8730 | -8/Materials | Evolved 2 slots: Propulsion x1, Utility x1 9010 | -8/Materials | Build established: Commander-Mutant 9349 | -8/Materials | Build established: Scavenger-Mutant 10148 | -8/Materials | Build established: Mutant 10393 | -8/Materials | Garrison activated, responded to threat 10408 | -8/Materials | Discovered new exit (range 14) 11079 | -8/Materials | Identified exit to Garrison 11079 | -8/Materials | Self-destructed Last Messages --------------- maces of new brawler variants. 10913_ Dropped Lgt. Treads. 10949_ Dropped Hvy. Assault Rifle. 10949_ Acquired Minigun. 10952_ Dropped Hvy. Assault Rifle. 10952_ Acquired Minigun. 10955_ Dropped Imp. Assault Rifle. 10955_ Acquired Minigun. 10963_ Dropped Beam Rifle. 10971_ Acquired Katana. 10984_ Dropped Hvy. Flail. 10984_ Acquired Minigun. 11020_ Acquired 1 matter. 11032_ Technician 3a reveals location of hidden door. 11079_ Connecting with Garrison Access... >>Unlock Access door unlocked. 11079_ EXIT=UNLOCKED: GARRISON >>Seal Access door sealed. Map ----- +----------------------------------------------------+ | | | | | | | | | | | | | | | | | | | | | | | | | | | | | | | | | | | | | | | | | | | | | ?????????????????????############????????????????? | | ?????????????????????# #????????????????? | | ?????????????????##### "" """ #????????????????? | | ?????????????????# + "G@ """ #????????????????? | | ??????########???# ###o "" """ #??#?????????????? | | ####??#[/ = #??##/### #"" #???????????? | | ! #??#[ =] #??# ## # ???????????? | | #### =][!#??# ## # = !??????????? | | "" # # [ #??# #########+###!%* =??????????? | | "" # # #??# #??????# ? !????????o?? | | "" + + #??# #??????# #?? % ??????????? | | # ########??# ######## #?? | ?????###???? | | #### ##???###### ## # #??=% ???#? #???? | | ??# ! ##### ##+### # #??? ?? # < #???? | | ??# [ # # #??? !?? # #???? | | ??# T * = + # #####+##### ##### | | ??# #####!! ###### """ # | | ??###########+#####??# """ + % ! ? | | ????????## #??# """ # = ???? | | ?????????# """ ] #??# #+###### ######?????? | | ?????????# """ #??# """ # # * !!##??????? | | ?????????# """ !#??# """ #! # !#??????? | | ????????## #??# """ # //] + !#??????? | | ????????#" """ #??# # / ] # !#??????? | | ????????## """ #??#######! ] # !#??????? | | ?????????# """ #????????#/ !# !!##??????? | | ?######### #???????######### ####???????? | | ?#""#""# ###### ##???????# # #??????????? | +----------------------------------------------------+ Best States ------------- Heat Dissipation 31 Coolant Potential 50 Energy Generation 14 Energy Capacity 265 Matter Stores 300 Matter Capacity 300 Sight Range 20 Robot Scan Range 20 Terrain Scan Density 10 Armor Coverage 600 Resistance: KI 20 Resistance: EM 15 Evasion (%) 55 Recoil Reduction 3 Offensive Hacking 10 Trap Extractor Capacity 4 Item Schematics ----------------- Hcp. Storage Unit | -9/Materials | Scanalyzed Terrain Scan Processor | -9/Materials | Extracted Imp. Light Cannon | -9/Materials | Extracted Core Shielding | -9/Materials | Extracted Trap Extractor | -9/Materials | Scanalyzed Imp. Assault Rifle | -9/Materials | Scanalyzed Plasma Cutter | -9/Materials | Scanalyzed Flail | -9/Materials | Extracted Autogun | -9/Materials | Extracted Hvy. Assault Cannon | -8/Materials | Hacked Adv. Assault Cannon | -8/Materials | Scanalyzed Proton Missile Launcher | -8/Materials | Scanalyzed Deuterium Engine | -8/Materials | Extracted EM Shotgun | -8/Materials | Extracted Cesium-ion Thruster | -8/Materials | Extracted Imp. Datajack | -8/Materials | Extracted Imp. Sensor Array | -8/Materials | Extracted Robot Schematics ------------------ None Fabricated ------------ Nothing Alien Tech Used ----------------- None Achievements -------------- None Challenges ------------ None Game ------ Seed RecoilPotentialClaws Manual? 0 Play Time 02:20:38 Cumulative 119.6 hours Start 2022.06.07 @ 23:51:25 End 2022.06.08 @ 02:15:57 Sessions 1 Manual Loads 0 Difficulty Rogue Special Mode None Game No. 76 Rogue 74 Adventurer 0 Explorer 2 Win Type - Total 0 Types 0/0/0/0/0/0/0/0/0 Lore% 27 Gallery% 38 Achievement% 32 Wizard Run 0 Options --------- ASCII 0 Keyboard 0 Movement Numpad Keybinds 0 Fullscreen 1 Font 18/SmallcapsGlow Map View 76x50 Tactical HUD 1 Map Filters NONE Filters NONE Steam 1 RUN: a82920d8-cca3-4de2-9415-0b1bfe6df130